 Dungeon Crawl Stone Soup version 0.20.0-10-g0535bb4 (webtiles) character file.

666 anfisbena the Twirler (level 7, -2/33 (55) HPs)
             Began as a Ghoul Gladiator on June 4, 2017.
             Was a Follower of Makhleb.
             Slain by an ice beast (4 damage)
             ... on level 6 of the Dungeon.
             The game lasted 00:07:27 (6973 turns).

anfisbena the Twirler (Ghoul Gladiator)             Turns: 6973, Time: 00:07:28

HP:   -2/33 (55)    AC: 10    Str: 18    XL:     7   Next: 57%
MP:   6/6           EV:  8    Int:  3    God:    Makhleb [*.....]
Gold: 149           SH:  0    Dex: 15    Spells: 6/6 levels left

rFire    + . .     SeeInvis .   a - +1 quarterstaff
rCold    + + .     Gourm    .   (shield currently unavailable)
rNeg     + + +     Faith    .   o - +0 chain mail
rPois    ∞         Spirit   .   c - +0 helmet
rElec    .         Reflect  .   m - scarf {rC+ rF+}
rCorr    .         Harm     .   i - +0 pair of gloves
MR       .....                  (no boots)
Stlth    ..........             (no amulet)
Regen    0.0/turn               l - +3 ring of dexterity
MPRegen  0.1/turn               n - ring of loudness (curse)

@: starving, rotting
A: rotting body, claws 1, carnivore 3, cold resistance 1, negative energy
resistance 3, inhibited regeneration, torment resistance, unbreathing
a: Renounce Religion


You were on level 6 of the Dungeon.
You worshipped Makhleb.
Makhleb was aware of your devotion.
You were starving.

You visited 1 branch of the dungeon, and saw 6 of its levels.

You collected 149 gold pieces.

Inventory:

Hand Weapons
 a - a +1 quarterstaff (weapon)
Missiles
 d - 3 throwing nets (quivered)
Armour
 c - a +0 helmet (worn)
 i - a +0 pair of gloves (worn)
 m - a scarf of resistance (worn)
 o - a +0 chain mail (worn)
Jewellery
 l - a +3 ring of dexterity (left hand)
 n - a cursed ring of loudness (right hand)
Wands
 g - a wand of paralysis (15/24)
 r - a wand of disintegration (6/24)
 x - a wand of polymorph (11/24)
Scrolls
 b - a scroll of fear {unknown}
 e - 2 scrolls of recharging
 j - 2 scrolls of fog
 k - 4 scrolls of teleportation
Potions
 h - a potion of invisibility {unknown}
 p - 2 potions of haste {unknown}
 s - 2 potions of heal wounds {unknown}
 t - a potion of mutation {unknown}
 u - a potion of flight {unknown}
 v - a potion of resistance {unknown}
 w - a potion of might {unknown}
Comestibles
 f - 2 meat rations
 q - a royal jelly


   Skills:
 - Level 2.1 Fighting
 + Level 7.8 Staves
 - Level 1.7 Throwing
 - Level 2.6 Dodging


You had 6 spell levels left.
You didn't know any spells.

Dungeon Overview and Level Annotations

Branches:
Dungeon (6/15)             Temple (0/1) D:4

Altars:
Makhleb

Annotations:
D:4 MTVSty1e's ghost, amateur GrFi


Innate Abilities, Weirdness & Mutations

Your body is rotting away.
You thrive on raw meat.
You are immune to poison.
You have sharp fingernails.
You are carnivorous and can eat meat at any time.
Your flesh is cold resistant. (rC+)
You are immune to negative energy. (rN+++)
You do not regenerate when monsters are visible.
You are immune to unholy pain and torment.
You can survive without breathing.


Message History

The ice beast barely misses you.
You barely miss the ice beast.
The ice beast is severely wounded.
The ice beast hits you.
* * * LOW HITPOINT WARNING * * *
The ice beast freezes you. You resist.
* * * LOW HITPOINT WARNING * * *
You barely miss the ice beast.
The ice beast is severely wounded.
The ice beast hits you but does no damage.
You closely miss the ice beast.
The ice beast is severely wounded.
The ice beast hits you but does no damage.
A wight comes into view. It is wielding a long sword.
You barely miss the ice beast.
The ice beast is severely wounded.
The ice beast hits you.
* * * LOW HITPOINT WARNING * * *
The ice beast freezes you. You resist.
You die...

..............###
..............#
..............#
..............#######
######+###'###'#.......#
#...........#..#.......#
#...........#..#.......#
#...........#..#.......#
###+###z@#######.......#
#.Y# ...###### #.z. ...#
#.... ...# ......
.#....>. ###+##z.# ..#


You could see an ice beast and 3 wights.

Vanquished Creatures
  2 centaurs (D:5)
  The ghost of ThereIsNoGod the Cudgeler, an amateur GrFi (D:3)
  2 crimson imps (D:5)
  2 hounds
  2 centaur skeletons
  An iguana (D:5)
  A worker ant (D:3)
  An orc wizard (D:3)
  Robin (D:2)
  A worker ant zombie (D:3)
  4 adders
  A howler monkey skeleton (D:4)
  4 worms
  A dart slug (D:1)
  A leopard gecko (D:4)
  8 orcs
  12 bats
  3 giant cockroaches
  14 goblins
  17 hobgoblins
  3 jackals (D:1)
  9 kobolds
  4 frilled lizards
  A leopard gecko skeleton (D:4)
  7 rats
103 creatures vanquished.

Notes
Turn   | Place    | Note
-------+----------+-------------------------------------------
     0 | D:1      | anfisbena the Ghoul Gladiator began the quest for the Orb.
     0 | D:1      | Reached XP level 1. HP: 17/17 MP: 0/0
   128 | D:1      | Reached skill level 3 in Staves
   187 | D:1      | Reached XP level 2. HP: 24/24 MP: 1/1
   740 | D:1      | Reached XP level 3. HP: 29/29 MP: 2/2
  1415 | D:2      | Found a burning altar of Makhleb.
  1472 | D:2      | Became a worshipper of Makhleb the Destroyer
  1475 | D:2      | Reached skill level 4 in Staves
  1732 | D:2      | Noticed Robin
  1757 | D:2      | Reached XP level 4. HP: 19/36 MP: 3/3
  1794 | D:2      | HP: 1/36 [Robin/short sword of venom (5)]
  1928 | D:3      | Noticed ThereIsNoGod's ghost (amateur GrFi)
  2176 | D:2      | Killed Robin
  2188 | D:2      | Reached * piety under Makhleb
  3142 | D:3      | Reached skill level 5 in Staves
  3142 | D:3      | Reached XP level 5. HP: 31/41 MP: 4/4
  3796 | D:3      | Killed ThereIsNoGod's ghost
  3796 | D:3      | Reached skill level 6 in Staves
  3796 | D:3      | Reached XP level 6. HP: 10/47 MP: 5/5
  4516 | D:4      | Found a staircase to the Ecumenical Temple.
  4749 | D:4      | Noticed MTVSty1e's ghost (amateur GrFi)
  4783 | D:5      | Entered Level 5 of the Dungeon
  5662 | D:5      | Reached skill level 7 in Staves
  5662 | D:5      | Reached XP level 7. HP: 33/55 MP: 6/6
  6540 | D:4      | HP: 2/46 [MTVSty1e's ghost (6)]
  6576 | D:4      | HP: 1/46 [MTVSty1e's ghost (1)]
  6973 | D:6      | Slain by an ice beast

Skill      XL: |  1  2  3  4  5  6 |
---------------+-------------------+-----
Staves         | 3 4 5 6 7 |  7.8
Fighting       | |  2.1
Throwing       | |  1.7
Dodging        | |  2.6

Action                   |  1- 3 |  4- 6 |  7- 9 || total
-------------------------+-------+-------+-------++-------
Melee: Quarterstaff      |   111 |   268 |    72 ||   451
  Use: Scroll            |       |     5 |       ||     5
       Potion            |       |     2 |       ||     2
  Eat: Chunk             |     4 |    11 |     2 ||    17
Armor: Leather armour    |    30 |       |       ||    30
       Chain mail        |    49 |   152 |    29 ||   230
       Animal skin       |       |     7 |       ||     7
Dodge: Dodged            |    62 |   132 |    22 ||   216
